 Dungeon Crawl Stone Soup version 0.21-a0-528-gf531e82 (webtiles) character file.

263 Gildeon the Poker (level 5, -1/42 HPs)
             Began as a Demigod Fighter on Dec 8, 2017.
             Slain by Roxy's ghost (5 damage)
             ... on level 4 of the Dungeon.
             The game lasted 00:15:00 (3285 turns).

Gildeon the Poker (Demigod Fighter)                 Turns: 3285, Time: 00:15:01

Health: -1/42      AC: 17    Str: 19    XL:     5   Next: 65%
Magic:  7/7        EV:  7    Int: 12    God:
Gold:   91         SH:  0    Dex: 15    Spells: 4/4 levels left

rFire    . . .     SeeInvis +   a - +1 mace (protect)
rCold    . . .     Gourm    .   (no shield)
rNeg     . . .     Faith    .   d - +1 chain mail
rPois    .         Spirit   .   o - +0 helmet {SInv}
rElec    .         Reflect  .   (no cloak)
rCorr    .         Harm     .   (no gloves)
MR       .....                  (no boots)
Stlth    ..........             (no amulet)
HPRegen  0.14/turn              (no ring)
MPRegen  0.10/turn              (no ring)

@: protection aura, drained
A: talons 1, high mp 1, mutation resistance 1, weak 1, wild magic 1
a: no special abilities


You were on level 4 of the Dungeon.
You were not hungry.

You visited 1 branch of the dungeon, and saw 4 of its levels.

You collected 91 gold pieces.

Inventory:

Hand Weapons
 a - a +1 mace of protection (weapon)
Missiles
 e - 17 bolts
 g - 41 arrows
Armour
 d - a +1 chain mail (worn)
 o - a +0 helmet of see invisible (worn)
Wands
 b - a wand of disintegration (9)
Scrolls
 i - a scroll of blinking
 k - 2 scrolls of fog
 q - a scroll of remove curse
Potions
 l - a potion of brilliance
 m - 4 potions of curing {unknown}
Comestibles
 c - a royal jelly
 f - 4 bread rations
 h - 6 fruits
 n - a meat ration
 p - a chunk of flesh


   Skills:
 - Level 2.6(1.9) Fighting
 + Level 0.6(0.0) Maces & Flails
   Level 5.6(4.8) Polearms
 - Level 2.6(1.9) Armour
   Level 2.6(1.9) Shields


You had 4 spell levels left.
You didn't know any spells.

Dungeon Overview and Level Annotations

Branches:
Dungeon (4/15)
 Temple: D:4-7

Shops:
D:2 *

Annotations:
D:4 Roxy's ghost, amateur FoFi


Innate Abilities, Weirdness & Mutations

You have an increased reservoir of magic. (+10% MP)
You have sharp toenails.
You are somewhat resistant to further mutation.
You are weak. (Str -2)
Your spells are a little harder to cast, but a little more powerful.


Message History

You hit Roxy's ghost but do no damage. Your kick misses Roxy's ghost.
Roxy's ghost is heavily damaged.
Roxy's ghost hits you but does no damage.
Your chain mail prevents you from hitting Roxy's ghost.
You claw Roxy's ghost, but do no damage.
Roxy's ghost is heavily damaged.
Roxy's ghost barely misses you.
Roxy's ghost hits you but does no damage.
You hit Roxy's ghost but do no damage.
You claw Roxy's ghost, but do no damage.
Roxy's ghost is heavily damaged.
Roxy's ghost hits you.
* * * LOW HITPOINT WARNING * * *
You hit Roxy's ghost but do no damage. Your kick misses Roxy's ghost.
Roxy's ghost is heavily damaged.
Roxy's ghost barely misses you.
You hit Roxy's ghost.
Roxy's ghost is heavily damaged.
Roxy's ghost barely misses you. Roxy's ghost hits you.
You die...

#........
##########..#.#.##
#...........#.#.#
#.#.......#.#.#.##
..
#...#####...#.#...
#.#
#..##...##..#.####
(. #..#55∩.$#....#
#.##..##$$$##..###
#..#@÷.#####...#
#o#W#.........#
#.oS###......
##oo# .#.... #..#
# ..# ##.## .#
#..# #..# # +
#..##.#...#


You could see a quasit, Roxy's ghost, 3 orcs and a ball python.

Vanquished Creatures
  An orc priest (D:3)
  2 orc wizards (D:3)
  Robin (D:3)
  5 adders
  2 oozes (D:1)
  3 worms
  A leopard gecko (D:3)
  9 orcs (D:3)
  5 bats
  3 giant cockroaches
  25 goblins
  15 hobgoblins
  A quokka (D:4)
  6 ball pythons
  3 frilled lizards
  8 kobolds
  8 rats
98 creatures vanquished.

Notes
Turn   | Place    | Note
-------+----------+-------------------------------------------
     0 | D:1      | Gildeon the Demigod Fighter began the quest for the Orb.
     0 | D:1      | Reached XP level 1. HP: 18/18 MP: 3/3
    32 | D:1      | Reached skill level 2 in Polearms
    84 | D:1      | Reached XP level 2. HP: 25/25 MP: 4/4
   374 | D:1      | Reached skill level 3 in Polearms
   499 | D:1      | Reached XP level 3. HP: 25/30 MP: 5/5
   879 | D:2      | Found a sparkling altar of Nemelex Xobeh.
   971 | D:2      | Found a shadowy altar of Dithmenos.
   971 | D:2      | Found a deep blue altar of Sif Muna.
  1073 | D:2      | Found an opulent altar of Gozag.
  1101 | D:2      | Found Gozag's Platinum Reserve.
  1246 | D:2      | Reached skill level 4 in Polearms
  1758 | D:3      | Reached XP level 4. HP: 37/37 MP: 6/6
  1814 | D:3      | Gained mutation: You have sharp toenails. [potion of mutation]
  1814 | D:3      | Gained mutation: You are weak. (Str -2) [potion of mutation]
  1814 | D:3      | Gained mutation: Your spells are a little harder to cast, but a little more powerful. [potion of mutation]
  1814 | D:3      | Gained mutation: You are somewhat resistant to further mutation. [potion of mutation]
  2334 | D:3      | Noticed Robin
  2340 | D:3      | Killed Robin
  2359 | D:3      | Reached skill level 5 in Polearms
  2497 | D:3      | Reached XP level 5. HP: 22/42 MP: 7/7
  3254 | D:4      | Noticed Roxy's ghost (amateur FoFi)
  3285 | D:4      | Slain by Roxy's ghost

Vault maps used:
D:1:      minmay_arrival_stone_box
D:2:      nemelex_xobeh_ov_fountains_minmay, nicolae_gozag_zags_fifth_avenue,
          minitemple
D:3:      minmay_shallow_snake_nest, uniq_robin
D:4:      cheibrodos_quashed, kennysheep_little_box, first_bread

Skill      XL: |  1  2  3  4 |
---------------+-------------+-----
Polearms       | 2 3 4 5 |  5.6
Fighting       | |  2.6
Maces & Flails | |  0.6
Armour         | |  2.6
Shields        | |  2.6

Action                   |  1- 3 |  4- 6 || total
-------------------------+-------+-------++-------
Melee: Trident           |   126 |   103 ||   229
       Kick              |       |    42 ||    42
       Mace              |       |    42 ||    42
  Use: Scroll            |     8 |     5 ||    13
       Potion            |     1 |     6 ||     7
  Eat: Chunk             |     3 |     4 ||     7
       Royal jelly       |       |     1 ||     1
Armor: Scale mail        |    88 |       ||    88
       Chain mail        |     1 |    97 ||    98
Dodge: Dodged            |    86 |    53 ||   139

Table legend:
 A = Spawn XP
 B = Non-spawn XP
 C = Spawn XP percentage of total XP
 D = Spawn monster count
 E = Non-spawn monster count
 F = Spawn count percentage of total count
 G = Total turns spent on level
                    A         B        C        D         E        F      G
               +---------+---------+-------+---------+---------+-------+---------
         Total |       0 |     377 |   0.0 |       0 |      98 |   0.0 |  3285
               +---------+---------+-------+---------+---------+-------+---------
           D:1 |       0 |      61 |   0.0 |       0 |      30 |   0.0 |   900
           D:2 |       0 |      54 |   0.0 |       0 |      17 |   0.0 |   854
           D:3 |       0 |     244 |   0.0 |       0 |      47 |   0.0 |  1434
           D:4 |       0 |      18 |   0.0 |       0 |       4 |   0.0 |    97
               +---------+---------+-------+---------+---------+-------+---------
